 Dungeon Crawl Stone Soup version 0.28-a0-1038-g9c4cb8273d (webtiles) character file.

Game seed: 1820083370979255055

88 GregHouse the Chopper (level 4, -31/40 HPs)
             Began as a Hill Orc Monk on Dec 8, 2021.
             Killed from afar by Ijyb (33 damage)
             ... with a bolt of acid
             ... on level 3 of the Dungeon.
             The game lasted 00:04:23 (2389 turns).

GregHouse the Chopper (Hill Orc Monk)               Turns: 2389, Time: 00:04:24

Health: -31/40     AC:  4    Str: 15    XL:     4   Next: 53%
Magic:  4/4        EV: 12    Int: 10    God:
Gold:   47         SH:  0    Dex: 13    Spells: 3/3 levels left

rFire   . . .      SeeInvis .   a - +0 hand axe
rCold   . . .      Faith    .   (no shield)
rNeg    . . .      Spirit   .   k - +0 leather armour
rPois   .          Reflect  .   h - +0 helmet
rElec   .          Harm     .   (no cloak)
rCorr   .          Rampage  .   (no gloves)
Will    .....                   (no boots)
Stlth   ++........              (no amulet)
HPRegen 0.13/turn               (no ring)
MPRegen 0.09/turn               (no ring)

@: no status effects
A: no striking features
a: no special abilities


You were on level 3 of the Dungeon.
You visited 1 branch of the dungeon, and saw 4 of its levels.

You collected 47 gold pieces.

Inventory:

Hand Weapons
 a - a +0 hand axe (weapon)
 g - a +2 dagger of speed
Armour
 b - a +0 robe
 h - a +0 helmet (worn)
 k - a +0 leather armour (worn)
Jewellery
 e - a ring of fire
 f - a ring of willpower
Scrolls
 l - 3 scrolls of identify {unknown}
Potions
 c - a potion of haste {unknown}
 d - 3 potions of curing {unknown}
 i - 2 potions of resistance {unknown}
 j - 2 potions of invisibility {unknown}
 m - 2 potions of brilliance {unknown}


   Skills:
 + Level 4.2 Fighting
 + Level 5.3 Axes
 + Level 0.4 Armour
 + Level 3.1 Dodging
 + Level 1.8 Stealth


You had 3 spell levels left.
You didn't know any spells.
Your spell library contained the following spells:

 Spells                   Type           Power      Damage    Failure   Level
 Gell's Gravitas          Tloc           0%         N/A       80%         3
 Teleport Other           Tloc           0%         N/A       80%         3
 Dispersal                Tloc           0%         N/A       100%        6


Dungeon Overview and Level Annotations

Branches:
Dungeon (4/15)
 Temple: D:4-7

Altars:
Ashenzari

Annotations:
D:3 Ijyb


Message History

You barely miss the kobold.
The kobold is moderately wounded.
Ijyb zaps a wand.
The bolt of acid hits the kobold!!
The acid corrodes the kobold!
The kobold dies!
The bolt of acid misses you. The endoplasm barely misses you.
There is an open door here.
Things that are here:
a +0 club; a kobold corpse You hit the endoplasm.
The endoplasm is heavily wounded.
You hit Ijyb but do no damage.
Ijyb zaps a wand.
The bolt of acid misses you. The endoplasm freezes you.
You are frozen.
You hit Ijyb but do no damage. You hit the endoplasm.
You kill the endoplasm!
Ijyb hits you with a +2 spectral club.
You hit Ijyb.
Ijyb is moderately wounded.
Ijyb barely misses you.
You hit Ijyb.
Ijyb is heavily wounded.
Ijyb misses you.
You hit Ijyb but do no damage.
Ijyb is heavily wounded.
Ijyb hits you with a +2 spectral club.
You hit Ijyb but do no damage.
Ijyb is heavily wounded.
Ijyb zaps a wand.
The bolt of acid hits you!!
Ouch! That really hurt!
* * * LOW HITPOINT WARNING * * *
You hit Ijyb but do no damage.
Ijyb is heavily wounded.
Ijyb closely misses you.
You hit Ijyb but do no damage.
Ijyb is heavily wounded.
Ijyb zaps a wand.
The bolt of acid hits you!!
Ouch! That really hurt!
You die...

#.####.# #.###.#.#
.#.####.######.###...####
........................####
.#.#####.#####.#####>...'...
#..........#### ##...####
#######.##.# ##..# #.##.#
#..# #.##.# #### #.##@##
#....g## #......##
.##.......##.##
................
..##..........g. .
#............ #.####.......
#. #......


You could see Ijyb.

Vanquished Creatures
  A bullfrog skeleton (D:4)
  A hound skeleton (D:4)
  2 dart slugs (D:1)
  4 bats (D:1)
  5 endoplasms
  A giant cockroach (D:3)
  3 goblins
  A hobgoblin (D:1)
  8 jackals
  A quokka (D:1)
  4 ball pythons
  A frilled lizard (D:3)
  6 kobolds (D:1)
  A rat (D:3)
39 creatures vanquished.

Vanquished Creatures (others)
  A kobold (D:3)
1 creature vanquished.

Grand Total: 40 creatures vanquished

Notes
Turn   | Place    | Note
-------+----------+-------------------------------------------
     0 | D:1      | GregHouse the Hill Orc Monk began the quest for the Orb.
     0 | D:1      | Reached XP level 1. HP: 19/19 MP: 1/1
    94 | D:1      | Reached XP level 2. HP: 24/27 MP: 2/2
   239 | D:1      | Noticed an eye of devastation
   241 | D:1      | Found a faded altar of an unknown god.
   243 | D:1      | Noticed an eye of devastation
   243 | D:1      | Noticed a shining eye
   243 | D:1      | Noticed a floating eye
  1154 | D:1      | Reached XP level 3. HP: 30/33 MP: 3/3
  1805 | D:4      | Reached skill level 5 in Axes
  1807 | D:4      | Reached XP level 4. HP: 15/40 MP: 4/4
  2204 | D:3      | Found a broken altar of Ashenzari.
  2374 | D:3      | Noticed Ijyb
  2387 | D:3      | HP: 2/40 [Ijyb/bolt of acid (27)]
  2389 | D:3      | Killed from afar by Ijyb

Illustrated notes

Levels and vault maps discovered:
D:1:      ncdulo_watergridlock, layout_basic,
          hellmonk_ecumenical_altar_watching_god
D:2:      layout_basic
D:3:      layout_basic, mainiacjoe_overflow_six_doors_small, lemuel_round_altar,
          chequers_serial_rivers_micro_e, uniq_ijyb
D:4:      layout_loops_ring, kennysheep_mini_moat, minmay_pentomino_pile

Skill      XL: |  1  2  3 |
---------------+----------+-----
Fighting       | 4 |  4.2
Axes           | 5 |  5.3
Dodging        | 3 |  3.1
Armour         | |  0.4
Stealth        | |  1.8

Action                   |  1- 3 |  4- 6 || total
-------------------------+-------+-------++-------
Melee: Hand axe          |   135 |    16 ||   151
 Stab: Sleeping          |     4 |       ||     4
       Distracted        |       |     1 ||     1
Armor: Robe              |    34 |       ||    34
       Leather armour    |    16 |     3 ||    19
Dodge: Dodged            |   127 |     8 ||   135

Table legend: (Time is in decaauts)
 A = Elapsed time spent in this place.
 B = Non-inter-level travel time spent in this place.
 C = Inter-level travel time spent in this place.
 D = Time resting spent in this place.
 E = Time spent auto-exploring this place.
 F = Levels seen in this place.
 G = Mean time per level.
                   A        B        C        D        E       F      G
               +--------+--------+--------+--------+--------+-----+--------+
         Total |   2403 |   2348 |     55 |    661 |   1048 |   4 |  600.8 |
       Dungeon |   2403 |   2348 |     55 |    661 |   1048 |   4 |  600.8 |
               +--------+--------+--------+--------+--------+-----+--------+

Top non-repeatable levels by time:
     D:1: 1366 daAuts
     D:3: 542 daAuts
     D:2: 287 daAuts
     D:4: 207 daAuts
